 Dungeon Crawl Stone Soup version 0.31-a0-851-g7ff8af7976 (webtiles) character file.

Game seed: 2944408519856676555

75 Maratek the Shield-Bearer (level 4, 0/31 HPs)
             Began as an Octopode Fighter on Oct 5, 2023.
             Slain by an ice beast (6 damage)
             ... on level 3 of the Dungeon.
             The game lasted 00:01:49 (1632 turns).

Maratek the Shield-Bearer (Octopode Fighter)        Turns: 1632, Time: 00:01:49

Health: 0/31       AC:  1    Str: 17    XL:     4   Next: 31%
Magic:  4/4        EV: 18    Int: 10    God:
Gold:   101        SH:  4    Dex: 11    Spells: 3/3 levels left

rFire   . . .        a - +0 war axe
rCold   . . .        b - +0 buckler
rNeg    . . .        (helmet restricted)
rPois   .            (no amulet)
rElec   .            e - +5 ring of evasion
rCorr   .            (no ring)
SInv    .            (no ring)
Will    .....        (no ring)
Stlth   ++           (no ring)
HPRegen 0.25/turn    (no ring)
MPRegen 0.09/turn    (no ring)
                     (no ring)

%: no passive effects
@: no status effects
A: almost no armour, amphibious, 8 rings, camouflage 1, gelatinous body 1,
(nimble swimmer 1), tentacles
a: no special abilities


You were on level 3 of the Dungeon.
You visited 1 branch of the dungeon, and saw 3 of its levels.

You collected 101 gold pieces.

Inventory:

Hand Weapons
 a - a +0 war axe (weapon)
Armour
 b - a +0 buckler (worn)
Jewellery
 e - a +5 ring of evasion (left tentacle)
Scrolls
 d - a scroll of identify
 i - a scroll of teleportation
 n - a scroll of amnesia
Potions
 c - a potion of might
 h - a potion of resistance {unknown}
 j - a potion of lignification {unknown}
 k - a potion of mutation {unknown}
 l - a potion of attraction {unknown}


   Skills:
 + Level 3.3 Fighting
 + Level 2.9 Axes
 + Level 3.5 Dodging
 + Level 0.4 Stealth
 + Level 3.6 Shields


You had 3 spell levels left.
You didn't know any spells.
Your spell library contained the following spells:

 Spells                   Type           Power      Damage    Failure   Level
 Magic Dart               Conj           0%         1d3       43%         1
 Call Imp                 Summ           0%         N/A       58%         2
 Lesser Beckoning         Tloc           0%         N/A       58%         2
 Gell's Gravitas          Tloc           0%         N/A       82%         3
 Mephitic Cloud           Conj/Pois/Air  0%         N/A       82%         3
 Teleport Other           Tloc           0%         N/A       82%         3


Dungeon Overview and Level Annotations

Branches:
Dungeon (3/15)

Altars:


Innate Abilities, Weirdness & Mutations

You cannot wear most types of armour.
You are amphibious.
You can wear up to eight rings at the same time.
Your skin changes colour to match your surroundings (Stealth+).
Your rubbery body absorbs attacks. (AC +1, EV +1)
((You are camouflaged when in or above water. (Stealth+)))
You have tentacles for arms and can constrict up to eight enemies at once.


Message History

A giant cockroach is nearby!
A giant cockroach is nearby!
An ice beast comes into view.
You barely miss the giant cockroach. You grab the giant cockroach.
You constrict the giant cockroach. You block the giant cockroach's attack.
The giant cockroach bites you.
You slash the giant cockroach!
You kill the giant cockroach!
You slash the ice beast! The ice beast closely misses you.
You hit the ice beast but do no damage.
You squeeze the ice beast, but do no damage.
The ice beast is moderately wounded.
The ice beast completely misses you.
You closely miss the ice beast.
The ice beast is moderately wounded.
The ice beast misses you.
You closely miss the ice beast. Your squeeze misses the ice beast.
The ice beast is moderately wounded.
The ice beast hits you. The ice beast freezes you. The ice beast hits you.
The ice beast freezes you!
* * * LOW HITPOINT WARNING * * *
You are too injured to fight recklessly!
You are too injured to fight recklessly!
Unknown command.
You closely miss the ice beast.
You squeeze the ice beast, but do no damage.
The ice beast is moderately wounded.
The ice beast completely misses you.
A frilled lizard comes into view.
You closely miss the ice beast.
The frilled lizard hisses angrily.
Your squeeze misses the ice beast.
The ice beast is moderately wounded.
The ice beast closely misses you. You block the ice beast's attack.
You closely miss the ice beast.
The ice beast is moderately wounded.
The ice beast hits you.
* * * LOW HITPOINT WARNING * * *
The ice beast freezes you.
You die...

..............
.............
......l....#
..........#
.........#
.<....... ......
#.Y.>..# ....
#@##.#.. ...#
#.##.#... (..#
#.##.# #..####..#
#.##.# ....#..#.
#.##.## ##......
#.#...# ###....##
#.....###...##..##
###...#...####....
#...#.### #.###


You could see an ice beast and a frilled lizard.

Vanquished Creatures
  3 gnolls (D:2)
  An adder (D:2)
  2 endoplasms
  2 giant cockroaches
  3 goblins
  A hobgoblin (D:2)
  10 jackals
  2 kobolds
  A quokka (D:2)
  2 ball pythons (D:1)
  4 bats
  2 frilled lizards
  4 rats (D:2)
37 creatures vanquished.

Notes
Turn   | Place    | Note
-------+----------+-------------------------------------------
     0 | D:1      | Maratek the Octopode Fighter began the quest for the Orb.
     0 | D:1      | Reached XP level 1. HP: 16/16 MP: 1/1
   404 | D:1      | Reached XP level 2. HP: 14/21 MP: 2/2
   571 | D:1      | Found a faded altar of an unknown god.
   902 | D:2      | Reached XP level 3. HP: 26/26 MP: 3/3
  1182 | D:2      | Reached XP level 4. HP: 31/31 MP: 4/4
  1622 | D:3      | Noticed an ice beast
  1632 | D:3      | Slain by an ice beast

Illustrated notes

Levels and vault maps discovered:
D:1:      evilmike_arrival_crescent, layout_basic,
          hellmonk_ecumenical_altar_inner_sanctum
D:2:      layout_loops_ring, hangedman_decor_riveting, grunt_decor_resistance
D:3:      minmay_razor_zed, layout_rooms, serial_bayou_pond_b

Action                     |  1- 3 |  4- 6 || total
---------------------------+-------+-------++-------
  Melee: War axe           |    51 |    23 ||    74
         Constrict         |    10 |     2 ||    12
         Tentacles         |    10 |     2 ||    12
         Punch             |     1 |       ||     1
    Use: Scroll            |       |     5 ||     5
   Stab: Sleeping          |     3 |       ||     3
 Armour: Skin              |    17 |     6 ||    23
  Dodge: Dodged            |    56 |    16 ||    72
  Block: Buckler           |    16 |     3 ||    19

Table legend: (Time is in decaauts)
 A = Elapsed time spent in this place.
 B = Non-inter-level travel time spent in this place.
 C = Inter-level travel time spent in this place.
 D = Time resting spent in this place.
 E = Time spent auto-exploring this place.
 F = Levels seen in this place.
 G = Mean time per level.
                   A        B        C        D        E       F      G
               +--------+--------+--------+--------+--------+-----+--------+
         Total |   1661 |   1579 |     82 |      0 |   1336 |   3 |  553.7 |
       Dungeon |   1661 |   1579 |     82 |      0 |   1336 |   3 |  553.7 |
               +--------+--------+--------+--------+--------+-----+--------+

Top non-repeatable levels by time:
     D:1: 861 daAuts
     D:2: 713 daAuts
     D:3: 85 daAuts
